 Dungeon Sprint DCSS version 0.30.0-5-g1a98f26d00 (webtiles) character file.

Game seed: 2200373351983805980

2 Groucho the Shooter (level 1, -6/11 HPs)
             Began as a Spriggan Hunter on May 12, 2023.
             Was a Follower of Qazlal.
             Mangled by a slime creature (17 damage)
             ... in the Dungeon (Sprint V: "Ziggurat Sprint").
             The game lasted 00:02:00 (317 turns).

Groucho the Shooter (Spriggan Hunter)                Turns: 317, Time: 00:02:02

Health: -6/11      AC:  2    Str:  7    XL:     1   Next: 25%
Magic:  2/2        EV: 20    Int: 10    God:    Qazlal [*.....]
Gold:   0          SH:  1    Dex: 30    Spells: 0/0 levels left

rFire   . . .        D - +5 shortbow (heavy)
rCold   . . .        (shield currently unavailable)
rNeg    . . .        c - +0 robe
rPois   .            (helmet restricted)
rElec   .            (no cloak)
rCorr   .            (gloves unavailable)
SInv    +            (boots unavailable)
Will    .....        (no amulet)
Stlth   +++          w - +6 ring of dexterity
HPRegen 0.21/turn    x - +6 ring of dexterity
MPRegen 0.08/turn

%: no teleportation
@: very quick
A: very small, no large weapons, unfitting armour, see invisible, speed 3
a: Renounce Religion


You were in the Dungeon.
You worshipped Qazlal.
Qazlal was aware of your devotion.
You visited 1 branch

Inventory:

Hand Weapons
 C - a +5 arbalest
 D - a +5 heavy shortbow (weapon)
Armour
 c - a +0 robe (worn)
Jewellery
 v - a ring of flight
 w - a +6 ring of dexterity (left hand)
 x - a +6 ring of dexterity (right hand)
 y - a +6 ring of intelligence
 z - a +6 ring of intelligence
 A - a +6 ring of strength
 B - a +6 ring of strength
Wands
 s - a wand of mindburst (6)
 t - a wand of iceblast (7)
 u - a wand of light (12)
Scrolls
 b - a scroll of immolation
 i - 4 scrolls of blinking
 o - 4 scrolls of amnesia
 p - 7 scrolls of fog
 q - 5 scrolls of identify
 r - 2 scrolls of fear
Potions
 d - 10 potions of curing
 e - 10 potions of heal wounds
 f - 6 potions of haste
 g - 7 potions of magic
 h - 3 potions of berserk rage
 j - 2 potions of brilliance
 k - 2 potions of invisibility
 l - 4 potions of resistance
 m - a potion of experience
 n - 5 potions of might


   Skills:
 + Level 1.9 Fighting
 + Level 4.1 Ranged Weapons
 + Level 3.1 Dodging
 - Level 1.5 Stealth
 + Level 0.9 Invocations


You couldn't memorise any spells.
You didn't know any spells.
Your spell library was empty.

Dungeon Overview and Level Annotations

Branches:
Dungeon (1/1)

Altars:
Ashenzari
Cheibriados
Dithmenos
Elyvilon
Fedhas
Gozag
Hepliaklqana
Kikubaaqudgha
Makhleb
Nemelex Xobeh
Okawaru
Qazlal
Ru
Sif Muna
Trog
Uskayaw
Vehumet
Wu Jian
Xom
Yredelemnul
Zin
The Shining One
Jiyva
Lugonu

Annotations:
D 1 transporter


Innate Abilities, Weirdness & Mutations

You are very small and have problems with some larger weapons.
You are too small for most types of armour.
You have supernaturally acute eyesight. (SInv)
You cover ground extremely quickly. (Speed+++)


Message History

Your Dodging skill increases to level 3!
No target in view!
Unknown command.
Unknown command.
You start waiting.
Done waiting.
You start waiting.
Done waiting.
You see here a ball python corpse.
a - a scroll of brand weapon
As you read the scroll of brand weapon, it crumbles to dust.
Your +5 shortbow becomes incredibly heavy!
D - a +5 heavy shortbow (weapon)
Unknown command.
Unknown command.
Unknown command.
There is a transporter here.
Welcome to arena 2.
You enter the transporter and appear at another place.
A slime creature and 2 endoplasms come into view.
Found three items.
Found a transporter.
Unknown command.
You shoot an arrow.
The arrow hits the slime creature but does no damage.
The slime creature quivers.
The endoplasm quivers.
You shoot an arrow. The arrow hits the slime creature!
The slime creature is lightly wounded.
You shoot an arrow. The endoplasm quivers.
The arrow hits the slime creature.
The slime creature is lightly wounded.
The slime creature closely misses you.
You shoot an arrow.
The arrow barely misses the slime creature.
The arrow hits the endoplasm!
You kill the endoplasm!
Qazlal accepts your kill.
You are now surrounded by a storm.
The endoplasm closely misses you. The slime creature hits you!
Ouch! That really hurt!
You die...

▓▓▓▓▓▓▓▓▓▓▓▓▓
▓.8©8.▓.8©8.▓
▓.|):.▓.....▓
▓.....▓...}.▓
▓.....▓.....▓
▓.....▓..†..▓
▓.JJ..▓..©..▓
▓..@..▓▓▓▓▓▓▓
▓▓▓▓▓▓▓


You could see a slime creature and an endoplasm.

Vanquished Creatures
  An endoplasm (D)
  2 ball pythons (D)
3 creatures vanquished.

Notes
Turn   | Place    | Note
-------+----------+-------------------------------------------
     0 | D        | Groucho the Spriggan Hunter began the quest for the Orb.
     0 | D        | Reached XP level 1. HP: 10/10 MP: 2/2
     0 | D        | Found a shimmering blue altar of Sif Muna.
     0 | D        | Found a bloodstained altar of Trog.
     0 | D        | Found a sacrificial altar of Ru.
     0 | D        | Found a stormy altar of Qazlal.
     0 | D        | Found an iron altar of Okawaru.
     1 | D        | Found a sparkling altar of Nemelex Xobeh.
     1 | D        | Found a blossoming altar of Fedhas.
     1 | D        | Found the +6 Majin-Bo {spellvamp, MP+6 Int+6}
     1 | D        | Found the +27 heavy crossbow "Sniper" {heavy, Acc+∞ SInv}
     1 | D        | Found the +10 dark maul {heavy}
     1 | D        | Found the +15 Maxwell's patent armour {-Cast -Tele rElec
                  | Will+ rCorr}
     1 | D        | Found the +18 shield of the Gong {Loud rN+ Will+ rCorr
                  | EV-5}
     1 | D        | Found the +16 obsidian axe {drain, demonic, Mesm Drain Fly
                  | SInv}
     1 | D        | Found the +7 great mace "Firestarter" {flame, immolate,
                  | rFlCloud rF++}
     1 | D        | Found the +6 shillelagh "Devastator" {shatter}
     1 | D        | Found the +11 plutonium sword {Contam Stlth-}
     1 | D        | Found the +8 lance "Wyrmbane" {slay drac, rPois rF+ rC+
                  | AC+3}
     1 | D        | Found the +9 sword of Zonguldrok {reap}
     1 | D        | Found the +13 scythe of Curses {drain, curses, Drain}
     1 | D        | Found the +9 sword of Power {lifebolt}
     1 | D        | Found the +7 mace of Variability {chaos, chaos arc}
     1 | D        | Found the +11 Singing Sword {sonic wave}
     1 | D        | Found the +8 storm bow {elec, penet}
     3 | D        | Found a transporter.
     3 | D        | Found an ancient bone altar of Kikubaaqudgha.
     3 | D        | Found a viscous altar of Jiyva.
     3 | D        | Found a corrupted altar of Lugonu.
     3 | D        | Found a hazy altar of Hepliaklqana.
     3 | D        | Found a burning altar of Makhleb.
     3 | D        | Found an opulent altar of Gozag.
    86 | D        | Became a worshipper of Qazlal Stormbringer
    99 | D        | Entered arena 2.
    99 | D        | Found a transporter.
   313 | D        | Entered arena 3.
   313 | D        | Noticed a slime creature
   313 | D        | Found a transporter.
   317 | D        | Reached * piety under Qazlal
   317 | D        | Mangled by a slime creature

Illustrated notes

Levels and vault maps discovered:
D:        sprint_v [room_start, room_1, room_2, room_3, room_4, room_5, room_6,
          room_7, room_8, room_9, room_10, room_11, room_12, room_13, room_14,
          room_15, room_16, room_17, room_18, room_19, room_20, room_21,
          room_22, room_23, room_24, room_25, room_26, room_27]

Skill      XL: |  1 |
---------------+----+-----
Dodging        | 3 |  3.1
Fighting       | |  1.9
Ranged Weapons | |  4.1
Stealth        | |  1.5
Invocations    | |  0.9

Action                     || total
---------------------------++-------
   Fire: Shortbow          ||     7
  Evoke: Wand              ||     1
    Use: Scroll            ||     1
 Armour: Robe              ||     1
  Dodge: Dodged            ||     6
